 Dungeon Crawl Stone Soup version 0.26-a0-812-g31a745ddcd (webtiles) character file.

Game seed: 8844191920450138706

58 kae the Ruffian (level 3, 0/29 HPs)
             Began as a Draconian Transmuter on Nov 27, 2020.
             Slain by an adder (1 damage)
             ... on level 2 of the Dungeon.
             The game lasted 00:00:51 (1749 turns).

kae the Ruffian (Draconian Transmuter)              Turns: 1749, Time: 00:00:52

Health: 0/29       AC:  5    Str: 13    XL:     3   Next: 76%
Magic:  5/5        EV: 12    Int: 13    God:
Gold:   102        SH:  0    Dex: 11    Spells: 5/6 levels left

rFire    + . .     SeeInvis .   a - +0 short sword
rCold    + . .     Faith    .   (no shield)
rNeg     . . .     Spirit   .   (armour unavailable)
rPois    +         Reflect  .   (helmet restricted)
rElec    +         Harm     .   (no cloak)
rCorr    +         Rampage  .   (no gloves)
MR       .....     Rnd*Rage +   (no boots)
Stlth    +.........             (no amulet)
HPRegen  0.09/turn              (no ring)
MPRegen  0.09/turn              (no ring)

@: resistant
A: unfitting armour, berserk 1, low mp 1, evolution 1, cold-blooded, AC +5
a: no special abilities


You were on level 2 of the Dungeon.
You visited 1 branch of the dungeon, and saw 2 of its levels.

You collected 102 gold pieces.

Inventory:

Hand Weapons
 a - a +0 short sword (weapon)
Scrolls
 c - 2 scrolls of identify {unknown}
 d - 2 scrolls of remove curse {unknown}
 e - a scroll of fog {unknown}
 g - a scroll of teleportation {unknown}
 h - a scroll of amnesia {unknown}
 j - a scroll of fear {unknown}
Potions
 i - a potion of ambrosia {unknown}
 k - a potion of might {unknown}
 l - a potion of curing {unknown}
 m - 2 potions of brilliance {unknown}
 n - a potion of cancellation {unknown}


   Skills:
 + Level 1.8 Fighting
 + Level 2.1 Dodging
 * Level 3.4 Unarmed Combat
 + Level 2.3 Spellcasting
 * Level 2.9 Transmutations


You had 5 spell levels left.
You knew the following spells:

 Your Spells              Type           Power        Failure   Level
a - Beastly Appendage     Tmut           #.....       8%          1

Your spell library contained the following spells:

 Spells                   Type           Power        Failure   Level
 Wereblood                Tmut           #.......     11%         2
 Spider Form              Tmut/Pois      #.........   38%         3
 Ice Form                 Ice/Tmut       #.......     80%         4
 Blade Hands              Tmut           #.........   90%         5


Dungeon Overview and Level Annotations

Branches:
Dungeon (2/15)

Altars:
Vehumet


Innate Abilities, Weirdness & Mutations

Your plain brown scales are hard. (AC +5)
You cannot fit into any form of body armour.
You are cold-blooded and may be slowed by cold attacks.
You tend to lose your temper in combat.
Your magical capacity is low. (-10% MP)
You evolve.


Message History

You closely miss the adder.
The adder is severely wounded.
The bat hits you but does no damage. The adder bites you.
* * * LOW HITPOINT WARNING * * *
The adder completely misses you. The bat misses you.
It was a potion of resistance.
You feel protected. The bat hits you but does no damage.
The adder barely misses you.
You feel protected.
* * * LOW HITPOINT WARNING * * *
You feel sick.
You are no longer poisoned.
The bat hits you but does no damage. The adder bites you but does no damage.
The bat barely misses you.
It was a potion of mutation.
You feel extremely strange.
You feel less energetic.
You feel a little pissed off.
You feel nature experimenting on you.
Don't worry, failures die fast.
The bat barely misses you. The bat hits you but does no damage.
The adder bites you.
You die...

....._....## #
...#...#..# .#
..###.###.###..#
...#...#.......# ## #
..........#...####.##.##
#............# .........
..###....#######.......#
.## ####.........S.....#
# #......#.@b....(#
#.#.##.#.#####.##
#.##.#.#.## ..#.##....#
###.##(#..#.#
#..)......#.#
.......(###..# ##......#
.#... ######## ......


You could see an adder and a bat.

Vanquished Creatures
  An ooze (D:1)
  A dart slug (D:1)
  2 leopard geckos (D:1)
  3 giant cockroaches
  8 goblins
  6 hobgoblins
  5 jackals
  A quokka (D:2)
  A ball python (D:1)
  2 bats
  3 frilled lizards
  6 kobolds
  4 rats
43 creatures vanquished.

Notes
Turn   | Place    | Note
-------+----------+-------------------------------------------
     0 | D:1      | kae the Draconian Transmuter began the quest for the Orb.
     0 | D:1      | Reached XP level 1. HP: 16/16 MP: 3/3
   280 | D:1      | Reached XP level 2. HP: 23/23 MP: 3/5
   808 | D:1      | Reached XP level 3. HP: 25/28 MP: 6/6
  1581 | D:2      | Found a radiant altar of Vehumet.
  1748 | D:2      | HP: 1/29 [poisoned by an adder]
  1749 | D:2      | Gained mutation: Your magical capacity is low. (-10% MP)
                  | [potion of mutation]
  1749 | D:2      | Gained mutation: You tend to lose your temper in combat.
                  | [potion of mutation]
  1749 | D:2      | Gained mutation: You evolve. [potion of mutation]
  1749 | D:2      | Slain by an adder

Illustrated notes

Levels and vault maps discovered:
D:1:      ncdulo_wetmaze, layout_basic
D:2:      layout_rooms, vehumet_crystals, st_stairs_10, minmay_misc_feat_tiny,
          hangedman_glass_teeth, grunt_ministairs_12, uniq_crazy_yiuf_cottage

Skill      XL: |  1  2 |
---------------+-------+-----
Dodging        | 2 |  2.1
Fighting       | |  1.8
Unarmed Combat | |  3.4
Spellcasting   | |  2.3
Transmutations | |  2.9

Action                   || total
-------------------------++-------
Melee: Short sword       ||   152
       Unarmed           ||    12
       Kick              ||    12
       Headbutt          ||     7
       Tailslap          ||    17
       Punch             ||     2
 Cast: Beastly Appendage ||    24
  Use: Potion            ||     3
 Stab: Sleeping          ||     1
Armor: Skin              ||    72
Dodge: Dodged            ||   131

Table legend: (Time is in decaauts)
 A = Elapsed time spent in this place.
 B = Non-inter-level travel time spent in this place.
 C = Inter-level travel time spent in this place.
 D = Time resting spent in this place.
 E = Time spent auto-exploring this place.
 F = Levels seen in this place.
 G = Mean time per level.
                   A        B        C        D        E       F      G
               +--------+--------+--------+--------+--------+-----+--------+
         Total |   1769 |   1753 |     16 |      0 |   1404 |   2 |  884.5 |
       Dungeon |   1769 |   1753 |     16 |      0 |   1404 |   2 |  884.5 |
               +--------+--------+--------+--------+--------+-----+--------+

Top non-repeatable levels by time:
     D:1: 1350 daAuts
     D:2: 419 daAuts
